[Event "Israeli Team-ch 2023"]
[Site "Petah Tikva"]
[Date "2023.02.03"]
[Round "5.2"]
[White "Poleg, Matan"]
[Black "Rozen, Eytan"]
[Result "0-1"]
[ECO "B30"]
[WhiteElo "2272"]
[BlackElo "2440"]
[Annotator "TA"]
[PlyCount "68"]
[EventDate "2023.01.13"]
[EventCountry "ISR"]
[SourceTitle "playchess.com"]
[Source "ChessBase"]
[SourceQuality "1"]
[TimeControl "40/5400+30:1800+30"]

1. e4 c5 2. Nf3 e6 3. Nc3 Nc6 4. Bb5 Nd4 5. Bc4 Nf6 6. O-O a6 ({Resist} 6... d5 7. exd5 Bd6 8. dxe6 Bxe6 9. d3 $14) 7. d3 {[%emt 0:01:58] B30: Sicilian: 2...Nc6 3 Bb5, lines without ...g6.} b5 8. Bb3 Nxb3 9. axb3 {[%emt 0:00:07] The position is equal.} Bb7 10. Re1 (10. e5 $5 b4 11. Na4 $14) 10... d6 {[%emt 0:02:39] [#]} 11. Bd2 $146 ({Predecessor:} 11. e5 dxe5 12. Nxe5 Be7 13. Bg5 O-O 14. Qe2 Nd5 15. Bxe7 Qxe7 16. Qg4 Rad8 17. Nxd5 Rxd5 {½-½ Moskalenko,A (2515)-Horak,M (2331) Titled Tuesday intern op 5th May blitz 2020 (3)}) 11... Be7 12. h3 O-O 13. Nh2 Nd7 14. Qe2 Qc7 15. f4 Bh4 16. Rf1 b4 17. Nd1 f5 18. Nf3 Bf6 19. c4 (19. c3 $15) 19... a5 20. Kh1 fxe4 21. dxe4 Qc6 22. Re1 Bd4 {[%emt 0:06:43] Black is more active.} 23. Nxd4 cxd4 24. Nf2 Nc5 25. Qd1 (25. Qf3 $17 {was called for.}) 25... e5 $19 26. g3 Rae8 {[%emt 0:09:58] [#] Strongly threatening ...exf4.} 27. Qf3 d3 {[%emt 0:02:11] ...exf4 is the strong threat.} 28. Rxa5 $2 (28. Kh2 {was necessary.}) 28... Nxb3 29. Bxb4 Nxa5 30. Bxa5 exf4 (30... Qxc4 $2 {perishes.} 31. Kg1) 31. gxf4 Qxc4 {[%emt 0:00:28] White must now prevent ...d5.} 32. Bc3 d5 {[%emt 0:00:34][%cal Bd6d5,Bd5d4][%mdl 32] [#] aiming for ...d4. Black is clearly winning.} 33. Qxd3 Qxd3 34. Nxd3 d4 {[%emt 0:00:35] Weighted Error Value: White=0.46/Black=0.11 (very precise)} 0-1

[Event "Israeli Team-ch 2023"]
[Site "Petah Tikva"]
[Date "2023.02.03"]
[Round "5.3"]
[White "Erenberg, Ariel"]
[Black "Tifferet, Shaked"]
[Result "1-0"]
[ECO "D44"]
[WhiteElo "2504"]
[BlackElo "2226"]
[Annotator "TA"]
[PlyCount "75"]
[EventDate "2023.01.13"]
[EventCountry "ISR"]
[SourceTitle "playchess.com"]
[Source "ChessBase"]
[SourceQuality "1"]
[TimeControl "40/5400+30:1800+30"]

1. Nf3 d5 2. c4 c6 3. d4 Nf6 4. Nc3 e6 5. Bg5 dxc4 6. e4 b5 7. e5 h6 8. Bh4 g5 9. Nxg5 hxg5 10. Bxg5 Nbd7 11. exf6 Bb7 12. h4 Qb6 {[%emt 0:12:03] was the old line (12...Nxf6). D44: Semi-Slav: Botvinnik System.} 13. Qc2 O-O-O 14. O-O-O $1 {[%emt 0:05:05] [#]} Bb4 $146 {[%emt 0:12:21] White is better.} ({Predecessor:} 14... Qa5 15. Kb1 Nb6 16. Be2 Nd5 17. Nxd5 cxd5 18. h5 Kb8 19. h6 Ka8 20. Bf4 Rc8 {1-0 Lalith,B (2550)-Ferriol,G (2070) Chiang Mai op 20th 2022 (9.4)}) 15. Ne4 (15. a3 $16 Bxc3 16. Qxc3) 15... c5 $11 16. a3 Bxa3 17. bxa3 cxd4 18. f3 Kb8 (18... Bxe4 $15 {is more appropriate.} 19. fxe4 (19. Qxe4 Nc5 $17) 19... Nc5) 19. Kb1 Rc8 20. h5 b4 (20... e5 $11) 21. axb4 $16 (21. Bxc4 $2 Rxc4 22. Qb2 (22. Qxc4 bxa3+) 22... Ka8 $19) 21... a5 (21... Ka8 $16 {is a better defense.} 22. Bd2 (22. Bxc4 Qxb4+ 23. Qb3 Rxc4 $19) 22... Bd5) 22. Qa4 $18 (22. Bxc4 Qxb4+ 23. Qb2 Rxc4 $15) 22... Bxe4+ 23. fxe4 {[%emt 0:00:01][%cal Oa4a5] Threatens to win with Qxa5!} c3 {[%emt 0:05:09] Hoping for ...c2+.} 24. Bd3 (24. Qxd7 c2+ 25. Kc1 Qxb4 $11) (24. Kc2 d3+ 25. Kxd3 (25. Rxd3 Qf2+ 26. Kc1 Qb2+ 27. Kd1 c2+ 28. Ke1 c1=Q+ 29. Bxc1 Rxc1+ 30. Rd1 Rxd1+ 31. Qxd1 Qxb4+ 32. Qd2 Qxe4+ 33. Be2 Qxg2 $11) 25... c2 $11) (24. Ka2 $18 axb4 25. Qb5 (25. Qxd7 Qa5+ 26. Kb3 Qa3+ 27. Kc2 b3+ 28. Kd3 c2 $19)) 24... Rc5 $2 (24... Qxb4+ $16 25. Qxb4+ axb4) 25. Bf4+ (25. Qxd7 $2 Qxb4+ 26. Kc2 Qb2#) 25... e5 {[%emt 0:00:09] [#]} 26. Kc2 $1 {[%emt 0:00:14] And now Rb1 would win.} (26. Qxd7 $2 Qxb4+ 27. Kc2 Qb2#) 26... axb4 $2 (26... Nxf6 $2 27. Rb1 $18 (27. bxc5 $2 Qb2#) (27. bxc5 $2 Qb2#)) (26... Rc7 27. Bg3 (27. bxa5 $2 Qb2#) 27... axb4) 27. Rb1 $1 (27. Qxd7 $2 b3+ 28. Kc1 exf4 $19) 27... Kc7 28. Rxb4 Qa5 29. Bg5 (29. Rxd4 Qxa4+ 30. Rxa4 exf4 $18) 29... Rg8 {[%emt 0:00:54] [#]} 30. h6 $1 Rxg5 31. h7 Rxg2+ 32. Kc1 Ra2 33. Qxa5+ (33. h8=Q $2 {too greedy.} Rxa4 34. Kd1 Qxb4 $19) 33... Rcxa5 34. h8=Q {[%emt 0:00:20] White threatens Qe8 and mate.} ({Not} 34. h8=R Nc5 35. Bb1 Rf2 $11) 34... Rd2 35. Bb1 (35. Rc4+ $142 Rc5 36. Qg8 Rxc4 37. Qxf7 Rg2 38. Bxc4 Kc6 39. Qd5+ Kc7 40. Rh7) 35... Rc5 36. Qa8 {[%emt 0:00:17] White mates.} d3 37. Rb7+ Kd6 38. Qd8 {[%emt 0:00:16] Excellently played by Erenberg!   Weighted Error Value: White=0.45/Black=1.03} 1-0

[Event "Israeli Team-ch 2023"]
[Site "Petah Tikva"]
[Date "2023.02.03"]
[Round "5.4"]
[White "Steiner-Prozhanski, Giora"]
[Black "Mindlin, Alon"]
[Result "1/2-1/2"]
[ECO "E33"]
[WhiteElo "2254"]
[BlackElo "2432"]
[Annotator "TA"]
[PlyCount "58"]
[EventDate "2023.01.13"]
[EventCountry "ISR"]
[SourceTitle "playchess.com"]
[Source "ChessBase"]
[SourceQuality "1"]
[TimeControl "40/5400+30:1800+30"]

1. d4 Nf6 2. c4 e6 3. Nc3 Bb4 4. Qc2 Nc6 5. Nf3 d6 6. Bd2 O-O 7. a3 Bxc3 8. Bxc3 Qe7 9. e4 {[%emt 0:00:00] E33: Nimzo-Indian: Classical: 4...Nc6.} e5 10. d5 Nb8 11. Be2 {[%emt 0:00:00] White is slightly better.} a5 12. O-O a4 13. c5 Bg4 14. cxd6 cxd6 {[%emt 0:00:00] [#]} 15. Rfe1 $146 ({Predecessor:} 15. Ne1 Bxe2 16. Qxe2 Na6 17. Nd3 Rac8 18. f3 Nd7 {½-½ Portisch,L (2600)-Tal,M (2585) World Cup Skelleftea 1989 (11)}) 15... Nbd7 16. Nd2 Bxe2 17. Rxe2 Rfc8 18. Re3 Nh5 19. Qd1 g6 20. Bb4 b5 21. Rc1 Rxc1 22. Qxc1 {[%emt 0:00:00] Strongly threatening Qc6.} Nc5 23. Bxc5 ({White should play} 23. Rc3 $14) 23... Rc8 $11 {[%emt 0:00:00][%mdl 64] [#] Pin. The position is equal.} 24. g3 Nf6 25. Rc3 dxc5 26. Qf1 c4 27. Qc1 Qc5 28. Rf3 Ne8 29. Nb1 Kg7 {[%emt 0:00:00] Weighted Error Value: White=0.08 (flawless) /Black=0.07 (flawless)} 1/2-1/2

[Event "Israeli Team-ch 2023"]
[Site "Petah Tikva"]
[Date "2023.02.03"]
[Round "5.5"]
[White "Raznikov, Danny"]
[Black "Poleg, Dan"]
[Result "1-0"]
[ECO "D28"]
[WhiteElo "2482"]
[BlackElo "2193"]
[Annotator "TA"]
[PlyCount "75"]
[EventDate "2023.01.13"]
[EventCountry "ISR"]
[SourceTitle "playchess.com"]
[Source "ChessBase"]
[SourceQuality "1"]
[TimeControl "40/5400+30:1800+30"]

1. d4 d5 2. c4 dxc4 3. e3 Nf6 4. Bxc4 e6 5. Nf3 a6 6. O-O c5 7. Qe2 Nc6 8. dxc5 Bxc5 9. a3 O-O 10. b4 Bd6 11. Bb2 e5 {[%emt 0:06:16] And now ...e4 would win. D28: Queen's Gambit Accepted: Classical main line: 7 Qe2 with early ...Nc6.} 12. e4 Bg4 13. Nbd2 Qe7 {[%emt 0:01:18] The position is equal.} 14. h3 Bh5 {[%emt 0:04:51] [#]} 15. Rfe1 $146 ({Predecessor:} 15. Qe3 Rfe8 16. Rfe1 Rad8 17. g4 Bg6 18. Qg5 Bb8 19. Rad1 b5 20. Ba2 Ba7 21. Kg2 {0-1 Jaeger,A (2051)-Petersen,S (2262) Berlin Lichtenberger op 9th 2010 (2)}) 15... Rac8 16. Bb3 b5 (16... Nd4 $2 17. Bxd4 exd4 18. e5 $18) 17. Rac1 Rc7 (17... Nd4 $2 18. Bxd4 Rxc1 19. Rxc1 $18) (17... Bb8 $11) 18. Qe3 $14 a5 19. Nh4 {[%emt 0:05:15] White is more active.} Bg6 20. Nxg6 (20. bxa5 {is more complex.} Nxa5 21. Rxc7 Qxc7 22. Nxg6 hxg6 23. Rc1) 20... hxg6 21. bxa5 Nxa5 22. Rxc7 Bxc7 23. Ba2 Nd7 24. Rc1 Bb6 25. Qd3 Rb8 26. Rc2 (26. Qxb5 $2 Bxf2+ 27. Kxf2 Rxb5 $19) 26... Kh7 27. Qg3 (27. Qxb5 $2 Bxf2+ 28. Kxf2 Rxb5 $19) 27... Bc5 $2 {[%emt 0:04:45] This costs Black the game.} (27... Nc4 $16 {keeps fighting.}) 28. Bd5 (28. Nf3 $142 Nc4 29. a4) 28... Bd6 $2 (28... Nc4 29. Nf3 Rf8) 29. Nf3 $18 {[%emt 0:00:58] White is clearly winning.} Rf8 30. Ng5+ Kg8 31. Qh4 Nf6 {[%emt 0:00:08] Against Qh7+} 32. Rc3 Nc4 {[%emt 0:01:31] [#]} 33. Rf3 $1 {[%emt 0:00:33][%cal Of3f6] White threatens Rxf6! and mate.} Nh5 (33... Rd8 34. Bc1) 34. g4 Nd2 35. Rd3 (35. Rxf7 Rxf7 36. gxh5 (36. Bxf7+ Kf8 $16) 36... Qxg5+ 37. Qxg5 Nf3+ 38. Kg2 Nxg5 $18) 35... Qxg5 36. Qxg5 Nf4 {[%emt 0:00:02] [#]} 37. Qxf4 $3 exf4 38. Rxd2 {[%emt 0:00:04] Excellently played by Raznikov!   Weighted Error Value: White=0.17 (very precise) /Black=0.26 (precise)} 1-0

[Event "Israeli Team-ch 2023"]
[Site "Petah Tikva"]
[Date "2023.02.03"]
[Round "5.6"]
[White "Lurie, Michael"]
[Black "Milikow, Yoav"]
[Result "0-1"]
[ECO "A06"]
[WhiteElo "2295"]
[BlackElo "2416"]
[Annotator "TA"]
[PlyCount "80"]
[EventDate "2023.01.13"]
[EventCountry "ISR"]
[SourceTitle "playchess.com"]
[Source "ChessBase"]
[SourceQuality "1"]
[TimeControl "40/5400+30:1800+30"]

1. Nf3 d5 2. b3 c5 3. e3 Nf6 4. Bb2 e6 5. g3 Nc6 6. Bg2 {[%emt 0:00:09] A06: Réti Opening: 1 Nf3 d5.} Qc7 7. c4 {[%emt 0:05:04] [#]} dxc4 $146 ({Predecessor:} 7... Bd7 8. O-O dxc4 9. bxc4 Bd6 10. Nc3 a6 11. Rb1 Na5 12. Qe2 Bc6 13. d4 cxd4 14. exd4 Bxf3 15. Qxf3 Nxc4 {0-1 Bailey,J-Gabbara,F Detroit Clippert op 1994}) 8. bxc4 {[%emt 0:00:18] The position is equal.} e5 (8... Be7 $11) 9. O-O Be6 10. Qa4 Nd7 11. Ng5 Bf5 12. Nc3 {[%emt 0:02:23] And now f4 would win.} h6 (12... Be7 $142) 13. Nge4 Be6 (13... Bxe4 $16 14. Bxe4 Bd6) 14. Nb5 (14. Nd5 $18 {and White stays clearly on top.} Qd8 15. f4) 14... Qb8 $16 15. d3 a6 16. Nbc3 f5 17. Nd2 Nb4 {[%emt 0:00:55] [#]} (17... Qd6 $16) 18. d4 $1 cxd4 (18... exd4 $2 19. exd4 Kd8 20. Ne2 $18) (18... Bd6 19. d5) 19. exd4 exd4 $2 (19... Nd3 20. Qc2 Nxb2 21. Qxb2 (21. d5 Bf7 $11)) (19... a5 {was worth a try.} 20. dxe5 Nd3) 20. Nd5 $18 Nc6 21. Nf4 Nc5 22. Bxc6+ Kf7 23. Qd1 bxc6 24. Qh5+ $2 (24. Bxd4 $18 {and the rest is easy.} Qc8 25. Re1) 24... Kg8 $16 25. Bxd4 Qc8 26. Nxe6 Qxe6 27. Rfe1 Qf7 (27... Ne4 $16) 28. Qf3 ({Better is} 28. Qxf7+ $18 Kxf7 29. Nf3 (29. Re5 Ne6 $16)) 28... Rd8 29. Qe3 ({White should try} 29. Bxc5 $1 $16 Bxc5 30. Red1) 29... f4 30. gxf4 Ne6 {[%emt 0:04:03][%mdl 64] Double Attack} 31. Bb6 ({But not} 31. Qxe6 Rxd4 32. Nb3 Rxf4 $11) 31... Re8 32. Qe4 {[%emt 0:01:53] f5 would be deadly.} Re7 33. f5 Ng5 {[%emt 0:01:59] [#]} 34. Qxc6 ({White must play} 34. Qg4 $1 $18) 34... Rd7 $11 35. Nf3 {[%emt 0:03:38][%mdl 8192] [#] This move loses the game for White.} (35. Be3 $1 $14 {stays ahead.}) 35... Rd6 $1 $19 {[%emt 0:00:44][%mdl 64] Skewer} 36. Nxg5 hxg5 37. Qc7 ({Much weaker is} 37. Qc5 Rxh2 38. Qe5 Rh4 $19) (37. Qe8 {was called for.} Rxb6 38. c5) 37... Qh5 {[%emt 0:00:11] Black is clearly winning.} 38. Qb7 Qxh2+ 39. Kf1 Qh3+ 40. Kg1 (40. Qg2 $142 Rxb6 41. Qxh3 Rxh3 42. Rac1) 40... Rh4 {[%emt 0:08:01] Weighted Error Value: White=0.62/Black=0.31} 0-1

[Event "Israeli Team-ch 2023"]
[Site "Petah Tikva"]
[Date "2023.02.03"]
[Round "5.7"]
[White "Kupervaser, Erez"]
[Black "Nabaty, Tamir"]
[Result "1/2-1/2"]
[ECO "B12"]
[WhiteElo "2293"]
[BlackElo "2632"]
[Annotator "TA"]
[PlyCount "109"]
[EventDate "2023.01.13"]
[EventCountry "ISR"]
[SourceTitle "playchess.com"]
[Source "ChessBase"]
[SourceQuality "1"]
[TimeControl "40/5400+30:1800+30"]

1. e4 c6 2. d4 d5 3. e5 c5 4. dxc5 e6 5. Nf3 Bxc5 6. a3 {[%emt 0:00:00] B12: Caro-Kann: Advance Variation.} Ne7 7. Bd3 (7. b4 $5 Bb6 $8 8. Bb2 $11) 7... Ng6 8. O-O O-O 9. Qe2 (9. Ng5 $5 ) 9... Nc6 10. b4 Nd4 11. Nxd4 Bxd4 12. c3 Bb6 {[%emt 0:00:05] [#]} (12... Bxe5 13. Bxg6 Bxh2+ 14. Kxh2 $16) 13. Be3 $146 ({Predecessor:} 13. Bxg6 fxg6 14. Nd2 Qh4 15. Nf3 Qh5 16. Be3 Bd7 17. Bxb6 axb6 18. Qe3 h6 19. Rfe1 {0-1 Yi,R (2130)-Rozman,L (2362) Titled Tuesday intern op 12th Oct blitz 2021 (4)}) 13... Bd7 (13... Nxe5 $2 14. Bxb6 axb6 15. Qxe5 $18) 14. Nd2 Qc7 $36 {[%emt 0:07:40][%mdl 2048] Black has the initiative.} 15. Bd4 Nf4 16. Qe3 ({White should try} 16. Qf3 $15 Bxd4 17. cxd4 Nxd3 18. Qxd3) 16... Qxc3 $1 $17 {[%emt 0:03:19][%mdl 64] Double Attack} (16... Nxd3 $6 17. Qxd3 Bxd4 18. Qxd4 $11 (18. cxd4 Rac8 $15)) 17. Bxb6 (17. Bxc3 $142 Bxe3 18. fxe3 (18. Bxh7+ $2 Kxh7 19. fxe3 Ne2+ 20. Kh1 Nxc3 $19) 18... Nxd3 19. Bd4) 17... Qxd3 ({Weaker is} 17... Nxd3 18. Bd4 Qc2 19. Nf3 $15) 18. Bxa7 {[%emt 0:00:00] White is weak on the light squares} Ne2+ 19. Kh1 Qxe3 20. Bxe3 d4 21. Bg5 Rfc8 $1 {[%emt 0:00:06] Prevents Nc4.} 22. Nf3 Rc3 23. Rfd1 Rcxa3 24. Rxa3 Rxa3 25. Nxd4 Nxd4 26. h4 h6 (26... Nc6 $5 27. Rxd7 h6 $15) 27. Rxd4 hxg5 28. Rxd7 gxh4 29. Rxb7 $11 {[%emt 0:00:09][%mdl 4096] Endgame KR-KR} g5 30. Kh2 Kg7 31. f3 Kg6 32. Kh3 Rd3 33. Rb8 Rd5 34. Rg8+ $1 Kh6 35. f4 Rd3+ $17 36. Kh2 gxf4 37. Rg4 {[%emt 0:00:23] [#]} Rd4 $1 38. b5 Rb4 39. Kh3 Rxb5 40. Rxf4 {[%emt 0:00:36] [#]} Kg6 $1 ({Much worse is} 40... Rxe5 $6 41. Rxf7 Re4 42. g4 $11) 41. Rf6+ Kg7 42. Kxh4 Rxe5 43. Rf4 Re3 44. g4 f6 45. Ra4 Kg6 46. Ra8 f5 (46... Re4 $17 {And now ...f5 would win.} 47. Kg3 Re3+ 48. Kh4 Re4) 47. gxf5+ $11 {[%emt 0:00:00] The position is equal.} Kxf5 48. Rf8+ Ke4 49. Kg4 e5 50. Ra8 Rb3 51. Ra4+ Kd5 52. Ra5+ Kd4 53. Ra4+ Kd5 54. Ra5+ Kd4 55. Ra4+ {[%emt 0:00:00] Black had all chances to win.   Weighted Error Value: White=0.09 (flawless) /Black=0.04 (flawless)} 1/2-1/2

[Event "Israeli Team-ch 2023"]
[Site "Petah Tikva"]
[Date "2023.02.03"]
[Round "5.9"]
[White "Liubarov, Mark"]
[Black "Mikhalevski, Victor"]
[Result "0-1"]
[ECO "E08"]
[WhiteElo "2291"]
[BlackElo "2516"]
[Annotator "TA"]
[PlyCount "182"]
[EventDate "2023.01.13"]
[EventCountry "ISR"]
[SourceTitle "playchess.com"]
[Source "ChessBase"]
[SourceQuality "1"]
[TimeControl "40/5400+30:1800+30"]

1. d4 d5 2. c4 e6 3. Nf3 Nf6 4. g3 Be7 5. Bg2 O-O 6. O-O Nbd7 7. Qc2 c6 8. Rd1 b6 9. b3 Ba6 10. a4 {[%emt 0:04:30] E08: Closed Catalan: Main Line: 7 Qc2.} Rc8 {[%emt 0:19:55] [#]} 11. a5 $1 b5 12. c5 {[%emt 0:22:23] The position is equal.} b4 $1 {[%emt 0:00:16] [#]} 13. Re1 $146 ({Predecessor:} 13. e3 Qc7 14. Nbd2 e5 15. Nxe5 Nxe5 16. dxe5 Qxe5 17. Bb2 Qh5 18. Nf3 Ne4 19. Bd4 {½-½ Shabalov,A (2504)-Kunka,H (2236) Hollywood Masters op 2022 (1)}) 13... Ne4 14. Bd2 Nxd2 $1 15. Qxd2 {[%emt 0:05:30] [#]} e5 $1 {[%emt 0:03:33][%mdl 64] Deflection} 16. dxe5 (16. Nxe5 Nxe5) 16... Nxc5 (16... Bxc5 $6 17. Qc2 $11) 17. Qc2 f6 18. Nbd2 fxe5 19. Nxe5 Qd6 (19... Kh8 $5 ) 20. f4 Bf6 (20... g5 $5 21. e3 $8 Nd7 $11) 21. Ndf3 (21. Rad1 $11) 21... Ne4 $17 22. Rad1 Nc3 $36 {[%emt 0:00:54][%mdl 2048] Black is on the roll.} 23. Rd2 Rce8 24. Kh1 Bxe5 ({Black should play} 24... Qc7 $17 {aiming for ...Bc8.} 25. Bh3 c5) 25. Nxe5 $15 Rxe5 26. fxe5 Qxe5 27. e3 Re8 28. Rf2 (28. Bf1 $1 $11 {keeps the balance.} Bxf1 29. Rxf1) 28... d4 $1 $17 29. Qf5 (29. Bxc6 d3 30. Qb2 Rd8 $11) 29... Qxf5 30. Rxf5 c5 (30... Rxe3 31. Rxe3 dxe3 32. Re5 $16 (32. Bxc6 e2 $14)) ({Black should try} 30... Bb5 $17 31. h4 g6) 31. Kg1 (31. Rxc5 d3 32. Rd5 Nxd5 33. Bxd5+ Kf8 $17) (31. Bc6 $1 $15 Re6 32. Bd7 (32. Rxc5 $2 d3 $19)) 31... d3 $1 {[%emt 0:02:41] Black is more active.} 32. Bd5+ $2 (32. Rxc5 $2 d2 33. Bd5+ Kh8 $19) (32. Rf2 $17 {was the only defense.}) 32... Kh8 $19 33. Ref1 {[%emt 0:00:47] Rf8+ would kill now.} g6 $1 34. Rf8+ (34. Rf6 Nxd5 35. Rxa6) 34... Rxf8 35. Rxf8+ {[%emt 0:00:02][%mdl 4096] Endgame KRB-KBN} Kg7 36. Rd8 d2 37. Bf3 Be2 $1 38. Rxd2 Bxf3 39. Rd7+ Kf6 40. Rxa7 {[%emt 0:00:12][%cal Oa7c7] [#]} Ke6 $2 (40... c4 $1 $19 41. bxc4 (41. Kf2 $2 cxb3 42. Ra6+ Ke5 $19) 41... Na4) 41. a6 $1 $11 (41. Rxh7 $2 c4 42. bxc4 (42. Kf2 cxb3 43. g4 b2 $19) 42... b3 $19) 41... Nb5 42. Rxh7 c4 {[%emt 0:08:14] [#]} 43. Rb7 $1 {[%emt 0:04:08][%mdl 64] Promotion} Bc6 (43... Bxb7 $2 44. axb7 cxb3 45. b8=Q $18 (45. b8=B b2 46. Kf2 b1=Q 47. h3 b3 48. g4 b2 49. Bh2 Qh1 50. g5 Qxh2+ 51. Kf3 b1=Q 52. e4 Qf1+ 53. Kg4 Qhxh3#)) 44. Rb6 $1 Kd6 45. a7 $1 (45. bxc4 $2 Kc5 46. Rb8 (46. Rxb5+ $2 Bxb5 47. cxb5 Kb6 $19) 46... Kxc4 $19) 45... Nxa7 {[%emt 0:00:11] ...Kc5 is the strong threat.} 46. Rxb4 (46. bxc4 $2 {is the wrong capture.} Kc5 47. Rb8 (47. Ra6 $2 b3 $19) 47... Kxc4 $19) 46... c3 {[%emt 0:00:01] Hoping for ...Bd5.} (46... cxb3 {simplifies} 47. Rxb3 Bd5 48. Rb6+ Nc6) 47. Rd4+ {[%emt 0:00:09][%mdl 8192] [#]} (47. Rc4 $14) 47... Bd5 $1 $19 48. Rd1 c2 49. Rc1 Be4 50. Kf2 Kc5 51. g4 Nc6 {[%emt 0:00:15] ...Na5 would be deadly.} 52. Kg3 Nb4 53. Kh4 Kd5 54. Kg5 Ke6 (54... Na2 $142 55. Rg1 c1=Q 56. Rxc1 Nxc1) 55. h4 Na2 56. Rf1 Bd3 57. Ra1 c1=Q ({Worse is} 57... c1=R 58. Rxa2 Rg1 59. Rd2 $11) 58. Rxc1 Nxc1 59. b4 Kf7 60. h5 gxh5 61. gxh5 Na2 62. Kf4 Nxb4 63. Ke5 {[%emt 0:00:03] Against Nd5. Black mates.} Bh7 64. e4 Ke7 65. Kf4 Nd3+ 66. Ke3 Ne5 67. Kf4 Kf6 68. Ke3 Kg5 69. Kd4 Kf4 70. h6 Bxe4 71. h7 Bxh7 72. Kc3 Ke3 73. Kb3 Kd4 74. Kb2 Kc4 75. Ka3 Bc2 76. Kb2 Kd3 77. Kc1 Nc6 78. Kb2 Kd2 79. Ka2 Kc3 80. Ka1 Nd4 81. Ka2 Nb3 82. Ka3 Bb1 83. Ka4 Nd4 84. Ka3 Nb5+ 85. Ka4 Kc4 86. Ka5 Kc5 87. Ka4 Bc2+ 88. Ka5 Bb3 89. Ka6 Nd6 90. Ka5 Nb7+ 91. Ka6 Kc6 {[%emt 0:00:03] Weighted Error Value: White=0.67/Black=0.21 (precise)} 0-1

[Event "Israeli Team-ch 2023"]
[Site "Petah Tikva"]
[Date "2023.02.03"]
[Round "5.10"]
[White "Kobo, Ori"]
[Black "Shohat, Yotam"]
[Result "0-1"]
[ECO "B23"]
[WhiteElo "2546"]
[BlackElo "2284"]
[Annotator "TA"]
[PlyCount "114"]
[EventDate "2023.01.13"]
[EventCountry "ISR"]
[SourceTitle "playchess.com"]
[Source "ChessBase"]
[SourceQuality "1"]
[TimeControl "40/5400+30:1800+30"]

1. e4 c5 2. Nc3 Nc6 3. Bb5 Nd4 4. Nf3 a6 5. Bd3 Nc6 6. O-O {[%emt 0:00:52] B23: Closed Sicilian: Lines without g3.} e6 7. b3 g5 8. Bb2 {[%emt 0:00:17][%cal Oc3d5] The position is equal.} Bg7 9. Na4 Bxb2 10. Nxb2 g4 11. Ne1 h5 {[%emt 0:00:09] [#]} 12. f3 $146 ({Predecessor:} 12. c3 Nge7 13. f4 d5 14. Qe2 Qc7 15. Bc2 b6 16. exd5 exd5 17. Nbd3 Rh6 18. f5 {1-0 Martinez Duany,L (2528)-Nagy,G (2474) Famalicao op 6th 2018 (4)}) 12... Nf6 13. Qe2 {[%emt 0:05:53] e5 is the strong threat.} d6 14. Qf2 Ne5 15. Nc4 Qe7 (15... Nxc4 $16 16. Bxc4 Qe7) 16. Nxe5 $18 dxe5 17. Be2 (17. fxg4 $18 Nxg4 18. Qg3) 17... gxf3 {[%emt 0:08:05][%mdl 64] Remove Defender} 18. Nxf3 (18. Qxf3 $6 Nd7 $16) 18... Nd7 19. Qg3 h4 20. Qg7 Qf8 21. Qxf8+ Rxf8 22. Nxh4 b5 23. a4 b4 24. Rf2 {[%emt 0:05:05] Bh5 would be deadly.} Bb7 25. d3 Rh8 {[%emt 0:00:21] Dodges Bh5} 26. g3 {[%emt 0:04:18] Black must now prevent Raf1.} Ke7 27. Raf1 Rh7 28. Nf3 Rg8 {[%emt 0:02:59] Prevents Ng5.} 29. Nd2 Nb8 30. Bf3 Nc6 31. Bg2 Nd4 32. Nf3 Nc6 33. Rc1 a5 34. Bf1 f6 35. c3 Rc8 36. Rfc2 Rhh8 37. cxb4 (37. Nd2 $142) 37... cxb4 $16 38. Rc5 (38. Nd2 $16) 38... Nd4 $1 $14 39. Nxd4 (39. Rxc8 {simplifies} Rxc8 40. Rxc8 Bxc8 41. Nxd4 exd4 42. Kf2) 39... exd4 40. Be2 (40. Rxc8 {simplifies} Rxc8 41. Rxc8 Bxc8 42. Kf2) 40... Kd6 41. R5c4 ({White should play} 41. Rxc8 $14 Rxc8 42. Rxc8 Bxc8 43. Bd1) 41... Rxc4 42. Rxc4 $11 {[%emt 0:16:00][%mdl 4096] Endgame KRB-KRB} e5 {[%emt 0:05:09][%cal Of6f5] Strongly threatening ...f5!} 43. h4 {[%emt 0:05:54] [#]} (43. Rc1 $11 {keeps the balance.}) 43... f5 $1 $17 {[%emt 0:03:05][%mdl 64] Deflection} 44. exf5 Bd5 45. Rc1 Bxb3 {[%emt 0:00:03] Black is more active.} 46. Bd1 Bf7 ({Much worse is} 46... Bxd1 $6 47. Rxd1 e4 48. dxe4 $11) (46... Ba2 $1 $17 {Threatens to win with ...b3.} 47. Rc2 Bb3) 47. Bf3 {[%emt 0:00:38] [#]} (47. Rc2 $11 {remains equal.}) 47... Rb8 $1 {[%emt 0:00:52][%mdl 1024] Hoping for ...b3. Black has strong compensation.} 48. Rc6+ {[%emt 0:00:28] [#]} Kd7 $1 {[%emt 0:00:02] aiming for ...b3.} 49. Rf6 $2 (49. Ra6 $2 b3 50. Ra7+ (50. Rxa5 $2 {too greedy.} b2 $19) 50... Kd6 $19) (49. Rc2 $17) 49... Ke7 $19 50. Ra6 b3 {[%emt 0:00:49][%cal Bb4b3,Bb3b2][%mdl 32] ( -> ...b2)} 51. f6+ Kf8 52. Bd1 b2 53. Bc2 Rc8 ({Not} 53... b1=B 54. Bxb1 Rxb1+ 55. Kf2 $19) 54. Bb1 Rc1+ 55. Kh2 Rxb1 56. Ra8+ Be8 57. Rb8 Kf7 {[%emt 0:00:06] What a bad dream for White.   Weighted Error Value: White=0.50/Black=0.09 (flawless)} (57... e4 $142 58. f7 {[%mdl 64] Decoy} Kxf7 59. Rb7+ Kf6 60. Rh7 exd3 61. Rh6+ Kg7 62. Re6 d2 63. Re7+ Kf6 64. Rxe8 d1=Q 65. Rf8+ Ke7 66. Kh3 Kxf8 67. h5 Qxh5+ 68. Kg2 Qh1+ 69. Kf2 Qf1#) 0-1